 Dungeon Crawl Stone Soup version 0.21-a0-401-g0b6bec4 (webtiles) character file.

10751 nikopol the Thaumaturge (level 11, -6/55 HPs)
             Began as a Deep Elf Fire Elementalist on Oct 22, 2017.
             Was a Priest of Sif Muna.
             Mangled by an orc knight
             ... wielding a cursed +0 war axe
              (25 damage)
             ... on level 11 of the Dungeon.
             The game lasted 00:52:56 (13228 turns).

nikopol the Thaumaturge (DEFE)                     Turns: 13228, Time: 00:52:57

Health: -6/55      AC:  7    Str:  5    XL:     11   Next: 40%
Magic:  26/39      EV: 14    Int: 24    God:    Sif Muna [***...]
Gold:   577        SH:  0    Dex: 15    Spells: 21/37 levels left

rFire    + . .     SeeInvis .   w - +3 dagger (speed)
rCold    x . .     Gourm    +   (no shield)
rNeg     . . .     Faith    .   B - +0 robe {MR+}
rPois    +         Spirit   .   A - +1 helmet
rElec    .         Reflect  .   l - +2 cloak {rPois}
rCorr    .         Harm     .   (no gloves)
MR       ++...                  (no boots)
Stlth    +++.......             n - amulet of the gourmand
HPRegen  0.18/turn              L - ring of magical power
MPRegen  0.26/turn              J - ring of fire

@: no status effects
A: no striking features
a: Divine Energy, Channel Magic, Renounce Religion


You were on level 11 of the Dungeon.
You worshipped Sif Muna.
Sif Muna was most pleased with you.
You were completely stuffed.

You visited 2 branches of the dungeon, and saw 12 of its levels.

You collected 887 gold pieces.
You spent 310 gold pieces at shops.

Inventory:

Hand Weapons
 w - a +3 dagger of speed (weapon)
Armour
 l - a +2 cloak of poison resistance (worn)
 A - a +1 helmet (worn)
 B - a +0 robe of magic resistance (worn)
Jewellery
 a - an uncursed ring of ice
 m - an uncursed ring of protection from fire {unknown}
 n - an amulet of the gourmand (around neck)
 J - a ring of fire (right hand)
 L - a ring of magical power (left hand)
 O - an uncursed ring of wizardry
 S - an uncursed ring of magical power
 U - a +4 ring of strength {unknown}
 Z - an uncursed ring of protection from fire {unknown}
Wands
 s - a wand of flame (21/48)
 C - a wand of lightning (4/15)
 G - a wand of digging (13/24)
 I - a wand of lightning (8/15)
 K - a wand of confusion (15/48)
 M - a wand of acid (11/15)
 T - a wand of paralysis (5/24)
 X - a wand of clouds (5/9)
Scrolls
 f - 2 scrolls of enchant weapon
 j - 2 scrolls of teleportation
 k - a scroll of blinking {unknown}
 p - 2 scrolls of remove curse
 r - a scroll of noise {unknown}
 x - 3 scrolls of immolation
 y - a scroll of fog
 H - a scroll of enchant armour
 N - a scroll of recharging {unknown}
 P - 2 scrolls of magic mapping {unknown}
 Q - a scroll of random uselessness {unknown}
Potions
 d - 5 potions of heal wounds
 e - 2 potions of agility
 g - 2 potions of degeneration
 h - 3 potions of brilliance
 i - 2 potions of lignification {unknown}
 o - 2 potions of curing
 q - 2 potions of flight {unknown}
 u - 3 potions of resistance
 v - 2 potions of mutation
 z - a potion of invisibility {unknown}
 E - 2 potions of berserk rage {unknown}
 Y - a potion of might {unknown}
Books
 b - a book of Flames

   Spells                             Type                      Level
   a - Flame Tongue                   Conjuration/Fire             1
   b - Throw Flame                    Conjuration/Fire             2
   c - Conjure Flame                  Conjuration/Fire             3
   d - Inner Flame                    Hexes/Fire                   3
   e - Sticky Flame                   Conjuration/Fire             4
   f - Fireball                       Conjuration/Fire             5
 t - a book of Misfortune

   Spells                             Type                      Level
   a - Confusing Touch                Hexes                        1
   b - Confuse                        Hexes                        3
   c - Gell's Gravitas                Translocation                3
   d - Petrify                        Transmutation/Earth          4
   e - Metabolic Englaciation         Hexes/Ice                    5
   f - Yara's Violent Unravelling     Hexes/Transmutation          5
 R - a book of Air

   Spells                             Type                      Level
   a - Shock                          Conjuration/Air              1
   b - Swiftness                      Charms/Air                   2
   c - Static Discharge               Conjuration/Air              3
   d - Airstrike                      Air                          4
   e - Lightning Bolt                 Conjuration/Air              5
Comestibles
 c - 9 bread rations
 D - 6 royal jellies
 F - 2 meat rations
 V - a fruit


   Skills:
 + Level 0.9 Fighting
 + Level 2.0 Short Blades
 + Level 4.4 Dodging
 + Level 5.0 Stealth
 + Level 13.5 Spellcasting
 + Level 10.4 Conjurations
 + Level 11.2 Fire Magic


You had 21 spell levels left.
You knew the following spells:

 Your Spells              Type           Power        Failure   Level  Hunger
a - Flame Tongue          Conj/Fire      #####        1%          1    None
b - Throw Flame           Conj/Fire      ######       1%          2    None
c - Conjure Flame         Conj/Fire      #######.     1%          3    None
d - Fireball              Conj/Fire      #######...   1%          5    ###....
e - Lightning Bolt        Conj/Air       #####.....   12%         5    ###....


Dungeon Overview and Level Annotations

Branches:
Dungeon (11/15)            Temple (1/1) D:6            Lair (0/6) D:11
    Orc: D:9-12

Altars:
Ashenzari
Cheibriados
Dithmenos
Elyvilon
Fedhas
Gozag
Hepliaklqana
Kikubaaqudgha
Makhleb
Nemelex Xobeh
Okawaru
Qazlal
Ru
Sif Muna
Trog
Uskayaw
Vehumet
Wu Jian
Xom
Yredelemnul
Zin
The Shining One

Shops:
D:5 [   D:6 ?


Message History

The orc knight appears unharmed.
The orc knight is heavily wounded.
The orc knight is engulfed in blazing flames.
The orc knight closely misses you.
Casting: Flame Tongue
Confirm with . or Enter, or press ? or * to list all spells.
Aiming: Flame Tongue
Press: ? - help, Shift-Dir - straight line, f/p - orc knight
Aim: an orc knight, wielding a war axe and wearing a plate armour (flame, heavily wounded)
You feel a surge of power!
The flame tongue misses the orc knight.
Casting: Flame Tongue
Confirm with . or Enter, or press ? or * to list all spells.
Aiming: Flame Tongue
Press: ? - help, Shift-Dir - straight line, f/p - orc knight
Aim: an orc knight, wielding a war axe and wearing a plate armour (flame, heavily wounded)
You feel a surge of power!
The flame tongue hits the orc knight.
The orc knight is severely wounded.
The orc knight is engulfed in blazing flames.
The orc knight hits you with a war axe!!
You die...

... #.# ##########.. #.#
#..........# #.#
#.###....... #.#
.#.###.###.#. #.#
.#.#......... #.#
#.#.#.#.###.#. #o#
#.#.#.....#.#.
#####@###.#.###.#.#.##
#...../.......#.#.#.#.
≈≈≈≈≈≈≈≈≈.....#.#.#.#.#.
≈#######≈#......#.#.# #.
#≈.......#.#.# ##
..C...... #≈.#.....#.#.#
.. .......
#≈.#.....#.#.# ## ......
#.+ #≈.......#.#.# .....
..≈# #≈............


You could see an orc knight.

Vanquished Creatures
  A hydra (D:11)
  Pikel (D:8)
  A gargoyle (D:11)
  4 trolls
  A hippogriff (D:11)
  Sigmund (D:2)
  6 spriggans (D:10)
  A wyvern (D:10)
  5 yaks (D:11)
  4 hogs (D:8)
  A human (D:8)
  A vampire mosquito (D:10)
  Menkaure (D:4)
  2 water moccasins
  4 black bears
  An ice beast (D:6)
  An orc warrior (D:7)
  A sky beast (D:7)
  2 slaves (D:8)
  2 necrophages
  3 phantoms
  5 ogres
  3 wolves (D:11)
  2 centaurs (D:6)
  2 crocodiles
  A big kobold (D:9)
  9 bullfrogs
  A wyvern skeleton (D:10)
  7 scorpions
  4 wights (D:9)
  2 howler monkeys
  2 bullfrog zombies
  2 crimson imps
  2 centaur zombies
  7 hounds
  6 orc priests
  Crazy Yiuf (D:2)
  A bullfrog skeleton (D:5)
  A centaur skeleton (D:9)
  3 gnoll shamans
  4 jellies
  An iguana (D:8)
  Jessica (D:2)
  11 orc wizards
  8 worker ants
  2 killer bee zombies
  2 hound zombies (D:10)
  15 gnolls
  10 adders
  A shadow imp (D:10)
  An ooze (D:1)
  7 worms
  5 dart slugs
  3 leopard geckos
  48 orcs
  6 bats
  5 giant cockroaches
  11 goblins
  6 hobgoblins
  11 jackals
  7 quokkas
  A ball python (D:3)
  9 frilled lizards
  17 kobolds
  A leopard gecko skeleton (D:5)
  8 rats
306 creatures vanquished.

Vanquished Creatures (others)
  2 slaves (D:8)
  A phantom (D:8)
3 creatures vanquished.

Grand Total: 309 creatures vanquished

Notes
Turn   | Place    | Note
-------+----------+-------------------------------------------
     0 | D:1      | nikopol the Deep Elf Fire Elementalist began the quest for the Orb.
     0 | D:1      | Reached XP level 1. HP: 10/10 MP: 6/6
   176 | D:1      | Reached XP level 2. HP: 6/15 MP: 4/8
   351 | D:1      | Learned a level 2 spell: Throw Flame
  1226 | D:2      | Reached XP level 3. HP: 19/19 MP: 8/10
  1250 | D:2      | Found a snail-covered altar of Cheibriados.
  1581 | D:2      | Found a glowing golden altar of the Shining One.
  1583 | D:2      | Noticed Jessica
  1585 | D:2      | Killed Jessica
  1585 | D:2      | Reached skill level 4 in Spellcasting
  1585 | D:2      | Reached XP level 4. HP: 24/24 MP: 7/12
  1591 | D:2      | Noticed Sigmund
  1636 | D:1      | Learned a level 3 spell: Conjure Flame
  1752 | D:2      | Found a basalt altar of Yredelemnul.
  1951 | D:2      | Found a runed door.
  1955 | D:2      | Noticed Crazy Yiuf
  1960 | D:2      | Killed Crazy Yiuf
  2159 | D:2      | Reached skill level 5 in Spellcasting
  2159 | D:2      | Reached XP level 5. HP: 28/28 MP: 7/14
  2370 | D:2      | Killed Sigmund
  2370 | D:2      | Reached skill level 5 in Fire Magic
  2370 | D:2      | Reached XP level 6. HP: 32/32 MP: 6/16
  3106 | D:3      | Learned a level 5 spell: Fireball
  3196 | D:3      | Reached skill level 6 in Spellcasting
  3197 | D:3      | Found a shadowy altar of Dithmenos.
  3500 | D:3      | Found a bloodstained altar of Trog.
  3731 | D:4      | Reached XP level 7. HP: 33/36 MP: 1/18
  4070 | D:4      | Found a stormy altar of Qazlal.
  4346 | D:4      | Found a sacrificial altar of Ru.
  4391 | D:4      | Reached skill level 7 in Spellcasting
  4462 | D:4      | Found a shattered altar of Ashenzari.
  4613 | D:4      | Noticed Menkaure
  4617 | D:4      | Killed Menkaure
  4875 | D:4      | Reached XP level 8. HP: 41/41 MP: 16/21
  4978 | D:5      | Entered Level 5 of the Dungeon
  5094 | D:5      | Reached skill level 5 in Conjurations
  5273 | D:5      | Found Beqico's Armour Boutique.
  5276 | D:5      | Bought a +1 helmet for 161 gold pieces
  5276 | D:5      | Bought a +0 robe of magic resistance for 107 gold pieces
  5499 | D:5      | Reached skill level 8 in Spellcasting
  5866 | D:5      | Found a shadowy altar of Dithmenos.
  5890 | D:6      | Found Xeuwk's Magic Scroll Emporium.
  6056 | D:6      | Found a staircase to the Ecumenical Temple.
  6069 | Temple   | Entered the Ecumenical Temple
  6312 | D:6      | Bought a scroll of teleportation for 42 gold pieces
  6525 | D:6      | Reached skill level 9 in Spellcasting
  6738 | D:6      | Found a sparkling altar of Nemelex Xobeh.
  6751 | D:6      | Reached XP level 9. HP: 46/46 MP: 16/24
  6839 | D:6      | Found a white marble altar of Elyvilon.
  7841 | D:7      | Found a shattered altar of Ashenzari.
  7862 | D:7      | Reached skill level 10 in Spellcasting
  8096 | D:7      | Found a deep blue altar of Sif Muna.
  8104 | D:7      | Became a worshipper of Sif Muna the Loreminder
  8534 | D:8      | Noticed Pikel
  8804 | D:8      | Killed Pikel
  8994 | D:8      | Reached skill level 11 in Spellcasting
  9032 | D:8      | Reached XP level 10. HP: 51/51 MP: 16/27
  9230 | D:8      | Reached * piety under Sif Muna
  9577 | D:8      | Reached skill level 10 in Fire Magic
 10221 | D:9      | Reached ** piety under Sif Muna
 10449 | D:9      | Reached skill level 1 in Short Blades
 10684 | D:9      | Found a burning altar of Makhleb.
 10684 | D:9      | Found a radiant altar of Vehumet.
 10826 | D:10     | Entered Level 10 of the Dungeon
 11016 | D:10     | Reached skill level 12 in Spellcasting
 11216 | D:10     | Learned a level 5 spell: Lightning Bolt
 11473 | D:10     | Reached *** piety under Sif Muna
 11473 | D:10     | Reached skill level 10 in Conjurations
 11966 | D:10     | Reached XP level 11. HP: 55/55 MP: 26/29
 12159 | D:11     | Reached skill level 5 in Stealth
 12234 | D:11     | Found a staircase to the Lair.
 12428 | D:11     | Noticed a six-headed hydra
 12525 | D:11     | Killed a six-headed hydra
 12525 | D:11     | Reached skill level 13 in Spellcasting
 12919 | D:11     | Noticed an orc knight
 13218 | D:11     | Noticed an orc knight
 13228 | D:11     | Mangled by an orc knight

Vault maps used:
D:1:      dpeg_arrival_line_fractal, serial_forest,
          infiniplex_forest_clump_small, infiniplex_forest_lined_room_3,
          infiniplex_forest_lined_room_3, infiniplex_forest_lined_ring,
          infiniplex_forest_lined_corner, infiniplex_forest_lined_corner,
          infiniplex_forest_clump_diagonal, infiniplex_forest_clump_medium,
          infiniplex_forest_clump_long
D:2:      minmay_diamond_boxcup, old_standard_altar, old_standard_altar,
          lemuel_crystal_altar, minmay_domino_2, uniq_sigmund,
          uniq_crazy_yiuf_cottage, uniq_jessica
D:3:      overflow_temple_1_default, trog_hazing_becter
D:4:      ashenzari_conservatory_becter, grunt_qazlal_clouds,
          lemuel_round_altar, uniq_menkaure
D:5:      first_bread, serial_shops, nicolae_shop_behind_doors,
          grunt_dithmenos_shadows
D:6:      elyvilon_altar_3, nemelex_xobeh_ov_fountains_minmay,
          minmay_temple_entry_crystal_x, serial_shops, shop
D:7:      lemuel_coloured_pillars_altar, basic_altar
D:8:      grunt_livestock, uniq_pikel
D:9:      grunt_temple_overflow_lords_of_destruction
D:10:     kb_forest_paths
D:11:     erik_lair_island, orc_david_3, minmay_orc_keep
Temple:   jpeg_temple_alley_garden

Skill      XL: |  1  2  3  4  5  6  7  8  9 10 11 |
---------------+----------------------------------+-----
Fire Magic     | 4 5 6 8 9 10 11 | 11.2
Dodging        | 3 4 |  4.4
Spellcasting   | 4 5 6 7 9 11 12 13 | 13.5
Conjurations   | 2 3 4 6 8 10 | 10.4
Stealth        | 3 4 5 |  5.0
Short Blades   | 2 |  2.0
Fighting       | |  0.9

Action                   |  1- 3 |  4- 6 |  7- 9 | 10-12 || total
-------------------------+-------+-------+-------+-------++-------
Melee: Short sword       |       |     8 |       |       ||     8
       Dagger            |       |       |    21 |    50 ||    71
 Cast: Flame Tongue      |    55 |   119 |   238 |   232 ||   644
       Throw Flame       |     3 |    10 |    59 |    53 ||   125
       Conjure Flame     |       |     4 |     8 |    16 ||    28
       Fireball          |       |       |    14 |    17 ||    31
  Use: Scroll            |       |       |     4 |    13 ||    17
  Eat: Chunk             |     2 |     6 |    26 |    16 ||    50
Armor: Robe              |     2 |    10 |    17 |    13 ||    42
Dodge: Dodged            |     7 |    30 |    47 |    74 ||   158

Table legend:
 A = Spawn XP
 B = Non-spawn XP
 C = Spawn XP percentage of total XP
 D = Spawn monster count
 E = Non-spawn monster count
 F = Spawn count percentage of total count
 G = Total turns spent on level
                    A         B        C        D         E        F      G
               +---------+---------+-------+---------+---------+-------+---------
         Total |       0 |   15359 |   0.0 |       0 |     304 |   0.0 | 13228
               +---------+---------+-------+---------+---------+-------+---------
           D:1 |       0 |      36 |   0.0 |       0 |      17 |   0.0 |  1217
           D:2 |       0 |     475 |   0.0 |       0 |      42 |   0.0 |  1341
           D:3 |       0 |     139 |   0.0 |       0 |      31 |   0.0 |  1124
           D:4 |       0 |     855 |   0.0 |       0 |      28 |   0.0 |  1321
           D:5 |       0 |     453 |   0.0 |       0 |      13 |   0.0 |  1032
           D:6 |       0 |    1064 |   0.0 |       0 |      28 |   0.0 |   903
           D:7 |       0 |    1338 |   0.0 |       0 |      31 |   0.0 |  1318
           D:8 |       0 |    2833 |   0.0 |       0 |      37 |   0.0 |  1465
           D:9 |       0 |     762 |   0.0 |       0 |      28 |   0.0 |   885
          D:10 |       0 |    3479 |   0.0 |       0 |      28 |   0.0 |  1455
          D:11 |       0 |    3925 |   0.0 |       0 |      21 |   0.0 |   947
               +---------+---------+-------+---------+---------+-------+---------
